 Dungeon Crawl Stone Soup version 0.29-a0-121-g8efb068a30 (webtiles) character file.

Game seed: 4632938407282146743

935 siradein the Ruffian (level 7, -26/71 HPs)
             Began as a Troll Fighter on Feb 20, 2022.
             Annihilated by a two-headed ogre (27 damage)
             ... on level 5 of the Dungeon on Feb 21, 2022.
             The game lasted 00:15:24 (3316 turns).

siradein the Ruffian (Troll Fighter)                Turns: 3316, Time: 00:15:25

Health: -26/71     AC:  4    Str: 25    XL:     7   Next: 87%
Magic:  6/6        EV:  9    Int:  4    God:
Gold:   312        SH:  8    Dex: 11    Spells: 6/6 levels left

rFire   . . .      SeeInvis .     - Unarmed
rCold   . . .      Faith    .   b - +0 kite shield
rNeg    + . .      Spirit   .   l - +0 animal skin
rPois   .          Reflect  .   (helmet restricted)
rElec   .          Harm     .   (no cloak)
rCorr   .          Rampage  .   (gloves unavailable)
Will    .....                   (boots unavailable)
Stlth   +.........              (no amulet)
HPRegen 1.01/turn               p - ring of positive energy
MPRegen 0.10/turn               (no ring)

@: no status effects
A: large, unfitting armour, claws 3, regeneration 1, shaggy fur 1, tough skin 1
a: no special abilities


You were on level 5 of the Dungeon.
You visited 2 branches of the dungeon, and saw 6 of its levels.

You collected 312 gold pieces.

Inventory:

Missiles
 a - a boomerang (quivered)
Armour
 b - a +0 kite shield (worn)
 l - a +0 animal skin (worn)
Jewellery
 p - a ring of positive energy (left claw)
Wands
 o - a wand of flame (16)
Scrolls
 f - a scroll of identify {unknown}
 g - a scroll of blinking {unknown}
 h - 5 scrolls of teleportation
 q - a scroll of amnesia {unknown}
 r - a scroll of holy word {unknown}
 s - a scroll of fog {unknown}
Potions
 c - a potion of might
 d - 4 potions of haste
 e - a potion of degeneration {unknown}
 i - a potion of flight {unknown}
 j - a potion of berserk rage {unknown}
 k - 3 potions of mutation {unknown}
 m - a potion of curing {unknown}
 n - a potion of cancellation {unknown}
 t - a potion of lignification {unknown}


   Skills:
 + Level 4.4 Fighting
 + Level 4.4 Dodging
 + Level 4.4 Shields
 + Level 4.8 Unarmed Combat


You had 6 spell levels left.
You didn't know any spells.
Your spell library contained the following spells:

 Spells                   Type           Power      Damage    Failure   Level
 Ensorcelled Hibernation  Hex/Ice        0%         N/A       89%         2
 Passwall                 Tmut/Erth      0%         N/A       89%         2
 Swiftness                Air            0%         N/A       98%         3


Dungeon Overview and Level Annotations

Branches:
Dungeon (5/15)             Temple (1/1) D:4

Altars:
Ashenzari
Cheibriados
Elyvilon
Fedhas
Hepliaklqana
Ru
Sif Muna
Trog
Vehumet
Wu Jian
Yredelemnul
Zin
The Shining One


Innate Abilities, Weirdness & Mutations

You are too large for most types of armour.
You have claws for hands.
Your natural rate of healing is unusually fast.
You are covered in fur. (AC +1)
You have tough skin. (AC +1)


Message History

Aim: a two-headed ogre, wielding two +0 giant spiked clubs (lightly wounded, 73% to hit)
You throw a boomerang. The boomerang hits the two-headed ogre.
The two-headed ogre is lightly wounded.
Throw: boomerang
Press: ? - help, Q - select action, (/) - cycle Shift-Dir - straight line, f/p - two-headed ogre
Aim: a two-headed ogre, wielding two +0 giant spiked clubs (lightly wounded, 73% to hit)
You throw a boomerang. The boomerang hits the two-headed ogre.
The two-headed ogre is lightly wounded.
You claw the two-headed ogre!
The two-headed ogre is moderately wounded.
The two-headed ogre hits you with a +0 giant spiked club!
You block the two-headed ogre's attack.
You scratch the two-headed ogre.
The two-headed ogre is moderately wounded.
You barely miss the two-headed ogre.
The two-headed ogre is moderately wounded.
The two-headed ogre barely misses you.
The two-headed ogre hits you with a +0 giant spiked club!!
You claw the two-headed ogre!
The two-headed ogre is severely wounded.
You block the two-headed ogre's attack. The two-headed ogre closely misses you.
You claw the two-headed ogre!
The two-headed ogre is severely wounded.
You block the two-headed ogre's attack.
The two-headed ogre hits you with a +0 giant spiked club!!
* * * LOW HITPOINT WARNING * * *
Found 27 stones.
You claw the two-headed ogre!
The two-headed ogre is severely wounded.
The two-headed ogre closely misses you.
The two-headed ogre hits you with a +0 giant spiked club!
You are too injured to fight recklessly!
You are too injured to fight recklessly!
You are too injured to fight recklessly!
There is a stone staircase leading up here.
The two-headed ogre hits you with a +0 giant spiked club!!!
Ouch! That really hurt!
* * * LOW HITPOINT WARNING * * *
The two-headed ogre hits you with a +0 giant spiked club!!
You die...

. ##.###########
##.# #..# #.## #.#
### #.
########.##.....
#.####...........#
#
#.#......O##.#####
#.#.#.##.##@##.#
#.#.#.##.##.##.#
#........##.##[#
###.#.#####.##.#
#.).#####.##..
###.......####
#.....#####
#.....# #.>...#


You could see a two-headed ogre.

Vanquished Creatures
  Eustachio (D:4)
  A necrophage (D:5)
  A centaur (D:5)
  3 ogres (D:4)
  A scorpion (D:4)
  A howler monkey (D:4)
  A hound (D:4)
  A centaur skeleton (D:4)
  An iguana (D:4)
  An orc wizard (D:3)
  Natasha (D:2)
  A hound zombie (D:4)
  Robin (D:3)
  An adder (D:3)
  3 adder zombies (D:4)
  A worm (D:3)
  2 dart slugs
  7 orcs
  5 ball pythons
  11 bats
  11 endoplasms
  4 giant cockroaches
  12 goblins
  10 hobgoblins
  2 jackals (D:2)
  4 quokkas
  4 frilled lizards
  6 kobolds
  5 rats
  A spectral hobgoblin (D:4)
104 creatures vanquished.

Notes
Turn   | Place    | Note
-------+----------+-------------------------------------------
     0 | D:1      | siradein the Troll Fighter began the quest for the Orb.
     0 | D:1      | Reached XP level 1. HP: 22/22 MP: 0/0
    60 | D:1      | Reached XP level 2. HP: 15/29 MP: 1/1
   420 | D:1      | Reached XP level 3. HP: 36/36 MP: 2/2
   574 | D:2      | Noticed Natasha
   594 | D:2      | Killed Natasha
   926 | D:2      | Reached XP level 4. HP: 44/44 MP: 3/3
  1118 | D:2      | Found a faded altar of an unknown god.
  1348 | D:3      | Noticed Robin
  1354 | D:3      | Killed Robin
  1452 | D:3      | Reached XP level 5. HP: 34/53 MP: 4/4
  2070 | D:4      | Reached XP level 6. HP: 45/61 MP: 5/5
  2470 | D:4      | Found a staircase to the Ecumenical Temple.
  2478 | Temple   | Entered the Ecumenical Temple
  2833 | D:4      | Noticed Eustachio
  2858 | D:4      | Killed Eustachio
  2859 | D:4      | Reached XP level 7. HP: 43/70 MP: 6/6
  2907 | D:4      | Found a hazy altar of Hepliaklqana.
  2929 | D:4      | Found a basalt altar of Yredelemnul.
  3033 | D:4      | Found a glowing golden altar of the Shining One.
  3146 | D:5      | Entered Level 5 of the Dungeon
  3276 | D:5      | Noticed a two-headed ogre
  3316 | D:5      | HP: 1/71 [two-headed ogre (37)]
  3316 | D:5      | Annihilated by a two-headed ogre

Illustrated notes

Levels and vault maps discovered:
D:1:      giann_wishing_wells, layout_rooms, chequers_arboretum,
          minmay_misc_feat_columns, st_stairs_5
D:2:      layout_loops_cross, dreamdust_ecumenical_altar_hidden_monk_grotto,
          uniq_natasha
D:3:      layout_loops_ring, uniq_robin
D:4:      layout_loops_ring, nicolae_hepliaklqana_monster_ancestors,
          nicolae_overflow_crystal_walls, nicolae_yredelemnul_corpse_copse,
          minmay_temple_entry_sparse_star, minmay_bent, uniq_eustachio
D:5:      layout_loops_cross, jmf_multi_god_temple, uniq_pikel
Temple:   jpeg_temple_alley_garden

Skill      XL: |  1  2  3  4  5  6 |
---------------+-------------------+-----
Shields        | 3 4 |  4.4
Fighting       | 3 4 |  4.4
Dodging        | 3 4 |  4.4
Unarmed Combat | 3 4 |  4.8

Action                   |  1- 3 |  4- 6 |  7- 9 || total
-------------------------+-------+-------+-------++-------
Melee: Unarmed           |    92 |   186 |    53 ||   331
Throw: Boomerang         |       |       |     4 ||     4
  Use: Scroll            |       |     2 |       ||     2
 Stab: Sleeping          |       |     1 |       ||     1
Armor: Robe              |    48 |    16 |       ||    64
       Animal skin       |       |    37 |    13 ||    50
Dodge: Dodged            |    37 |    81 |    23 ||   141
Block: Kite shield       |    31 |    61 |    21 ||   113

Table legend: (Time is in decaauts)
 A = Elapsed time spent in this place.
 B = Non-inter-level travel time spent in this place.
 C = Inter-level travel time spent in this place.
 D = Time resting spent in this place.
 E = Time spent auto-exploring this place.
 F = Levels seen in this place.
 G = Mean time per level.
                   A        B        C        D        E       F      G
               +--------+--------+--------+--------+--------+-----+--------+
         Total |   3361 |   3218 |    143 |      3 |   2296 |   6 |  560.2 |
       Dungeon |   3127 |   3038 |     89 |      3 |   2123 |   5 |  625.4 |
        Temple |    233 |    179 |     54 |      0 |    173 |   1 |  233.0 |
               +--------+--------+--------+--------+--------+-----+--------+

Top non-repeatable levels by time:
     D:4: 937 daAuts
     D:3: 842 daAuts
     D:2: 707 daAuts
     D:1: 478 daAuts
  Temple: 233 daAuts
     D:5: 162 daAuts
